 Dungeon Crawl Stone Soup version 0.30.0-5-g1a98f26d00 (webtiles) character file.

Game seed: 9979942567188751291

2193 retardedninja the Magician (level 9, -19/65 HPs)
             Began as a Gnoll Fire Elementalist on May 9, 2023.
             Was a Believer of Cheibriados.
             Demolished by an orc warlord
             ... wielding a +5 broad axe
              (22 damage)
             ... in a bailey.
             The game lasted 00:10:18 (8839 turns).

retardedninja the Magician (GnFE)                   Turns: 8839, Time: 00:10:19

Health: -19/65     AC:  7    Str: 12    XL:     9   Next: 33%
Magic:  8/19       EV: 15    Int: 23    God:    Cheibriados [**....]
Gold:   177        SH:  0    Dex: 16    Spells: 11/21 levels left

rFire   + . .        o - staff of fire
rCold   . . .        (no shield)
rNeg    . . .        a - +0 robe
rPois   .            s - +0 helmet
rElec   .            e - +2 cloak
rCorr   .            (no gloves)
SInv    .            n - +0 pair of boots
Will    .....        (no amulet)
Stlth   +++          (no ring)
HPRegen 0.30/turn    (no ring)
MPRegen 0.16/turn

%: no passive effects
@: invisible, very slow
A: fangs 1, strong nose, distributed training
a: Renounce Religion, Bend Time


You were in a bailey.
You worshipped Cheibriados.
Cheibriados was pleased with you.
You visited 1 branch of the dungeon, and saw 7 of its levels.
You also visited: Bailey.

You collected 331 gold pieces.
You spent 154 gold pieces at shops.

Inventory:

Missiles
 g - a throwing net
Armour
 a - a +0 robe (worn)
 e - a +2 cloak (worn)
 n - a +0 pair of boots (worn)
 s - a +0 helmet (worn)
Magical Staves
 o - a staff of fire (weapon)
Jewellery
 t - a ring of wizardry
 y - a ring of protection from fire
Wands
 l - a wand of iceblast (4)
Scrolls
 f - 16 scrolls of identify {unknown}
 h - a scroll of acquirement {unknown}
 k - 2 scrolls of noise {unknown}
 p - a scroll of blinking {unknown}
 q - a scroll of poison {unknown}
 r - 2 scrolls of amnesia {unknown}
Potions
 b - a potion of magic
 c - 3 potions of degeneration {unknown}
 d - 4 potions of curing
 i - a potion of berserk rage {unknown}
 j - 2 potions of might {unknown}
 m - a potion of mutation {unknown}
 u - 3 potions of haste {unknown}
 v - 3 potions of heal wounds {unknown}
 x - 2 potions of flight {unknown}
 z - 2 potions of attraction {unknown}


   Skills:
 + Level 4.3 Fighting
 + Level 4.3 Short Blades
 + Level 4.3 Long Blades
 + Level 4.3 Axes
 + Level 4.3 Maces & Flails
 + Level 4.3 Polearms
 + Level 4.3 Staves
 + Level 4.3 Ranged Weapons
 + Level 4.3 Throwing
 + Level 4.3 Armour
 + Level 6.3 Dodging
 + Level 6.1 Stealth
 + Level 4.3 Shields
 + Level 4.3 Unarmed Combat
 + Level 6.7 Spellcasting
 + Level 4.2 Conjurations
 + Level 3.5 Hexes
 + Level 3.5 Summonings
 + Level 3.5 Necromancy
 + Level 3.5 Translocations
 + Level 3.5 Transmutations
 + Level 6.6 Fire Magic
 + Level 3.5 Ice Magic
 + Level 3.5 Air Magic
 + Level 3.5 Earth Magic
 + Level 3.5 Poison Magic
 + Level 4.7 Invocations
 + Level 4.3 Evocations


You had 11 spell levels left.
You knew the following spells:

 Your Spells              Type           Power      Damage    Failure   Level
a - Foxfire               Conj/Fire      100%       2x1d9     1%          1
b - Scorch                Fire           100%       2d9       1%          2
c - Flame Wave            Conj/Fire      48%        2d12      9%          4
d - Inner Flame           Hex/Fire       46%        N/A       3%          3

Your spell library contained the following spells:

 Spells                   Type           Power      Damage    Failure   Level
 Volatile Blastmotes      Fire/Tloc      92%        2d17      3%          3
 Anguish                  Hex/Necr       12%        N/A       19%         4
 Starburst                Conj/Fire      24%        6d8       78%         6
 Enfeeble                 Hex            12%        N/A       100%        7


Dungeon Overview and Level Annotations

Branches:
Dungeon (7/15)             Temple (0/1) D:6          Bailey (1/1)

Altars:
Cheibriados
Elyvilon
Okawaru
Qazlal
Trog
Wu Jian
Xom
The Shining One

Shops:
D:5 :


Innate Abilities, Weirdness & Mutations

You have very sharp teeth.
Your uncanny sense of smell can sniff out nearby items.
Your experience applies equally to all skills.


Message History

Reactivating autopickup.
You feel a bit more experienced. (Press . to intensify the flame waves.)
A wave of flame ripples out!
The flame wave engulfs the orc warlord!
The orc warlord is lightly wounded.
You hear a shout!
The orc warlord completely misses you.
Unknown command.
A wave of flame ripples out!
The flame wave engulfs the orc warlord!
The orc warlord is moderately wounded.
You finish channelling waves of flame.
The orc warlord hits you with a +5 broad axe!
Unknown command.
Casting: Flame Wave (dangerous; 9% risk of failure)
Confirm with . or Enter, or press ? or * to list all spells.
Casting: Flame Wave (dangerous; 9% risk of failure)
Press: ? - help, Dir - look around, f - activate You feel a surge of power!
A wave of flame ripples out!
The flame wave engulfs the orc warlord!
The orc warlord is moderately wounded. (Press . to intensify the flame waves.)
The orc warlord hits you with a +5 broad axe!!
A wave of flame ripples out!
The flame wave engulfs the orc warrior!
The orc warrior is heavily wounded.
The flame wave engulfs the orc warlord!
The orc warlord is heavily wounded.
The orc warrior barely misses you. The orc warlord barely misses you.
Unknown command.
A wave of flame ripples out!
The flame wave engulfs the orc warrior.
The orc warrior is severely wounded.
The flame wave engulfs the orc warlord!
The orc warlord is heavily wounded.
You finish channelling waves of flame.
You hear a shout!
The orc warrior barely misses you.
The orc warlord hits you with a +5 broad axe!!
* * * LOW HITPOINT WARNING * * *
The orc warrior closely misses you.
The orc warlord hits you with a +5 broad axe!!
You die...

### ###.### #.
###.....### #...
##.........## .....
#...........#......
#..........@o......
#.....⌠....o#.....⌠
#.).........# .....
#..)........# ....
###.).......## ...
###.#'#.....### ..
###.....###.### .
#.........###∆
...........#∆∆


You could see an orc warlord (unable to see you) and an orc warrior (strong,
unable to see you).

Vanquished Creatures
  A water moccasin (D:7)
  10 orc warriors
  A black bear (D:5)
  An ice beast (D:6)
  An ogre (D:5)
  A bullfrog (D:6)
  3 scorpions
  A howler monkey (D:6)
  A jelly (D:5)
  An orc priest (D:5)
  3 hounds
  5 iguanas
  A sleepcap (D:6)
  Terence (D:2)
  6 gnolls
  7 adders
  A shadow imp (D:5)
  An ufetubus (D:6)
  A worm (D:2)
  4 dart slugs
  18 orcs
  8 ball pythons
  2 endoplasms
  7 giant cockroaches
  18 goblins
  19 hobgoblins
  3 jackals (D:3)
  10 kobolds
  3 quokkas (D:1)
  3 bats
  5 rats
147 creatures vanquished.

Vanquished Creatures (others)
  544 foxfires
544 creatures vanquished.

Grand Total: 691 creatures vanquished

Notes
Turn   | Place    | Note
-------+----------+-------------------------------------------
     0 | D:1      | retardedninja the Gnoll Fire Elementalist began the quest
                  | for the Orb.
     0 | D:1      | Reached XP level 1. HP: 13/13 MP: 6/6
   280 | D:1      | Reached XP level 2. HP: 19/19 MP: 3/7
  1331 | D:2      | Reached skill level 5 in Spellcasting
  1331 | D:2      | Reached XP level 3. HP: 25/25 MP: 5/9
  1405 | D:2      | Reached skill level 1 in Invocations
  1442 | D:2      | Reached skill level 1 in Fighting
  1442 | D:2      | Reached skill level 1 in Short Blades
  1442 | D:2      | Reached skill level 1 in Long Blades
  1442 | D:2      | Reached skill level 1 in Axes
  1442 | D:2      | Reached skill level 1 in Maces & Flails
  1442 | D:2      | Reached skill level 1 in Polearms
  1442 | D:2      | Reached skill level 1 in Staves
  1442 | D:2      | Reached skill level 1 in Ranged Weapons
  1442 | D:2      | Reached skill level 1 in Throwing
  1442 | D:2      | Reached skill level 1 in Armour
  1442 | D:2      | Reached skill level 1 in Shields
  1442 | D:2      | Reached skill level 1 in Unarmed Combat
  1442 | D:2      | Reached skill level 1 in Evocations
  1444 | D:2      | Reached XP level 4. HP: 32/32 MP: 4/11
  1830 | D:2      | Reached skill level 1 in Hexes
  1830 | D:2      | Reached skill level 1 in Summonings
  1830 | D:2      | Reached skill level 1 in Necromancy
  1830 | D:2      | Reached skill level 1 in Translocations
  1830 | D:2      | Reached skill level 1 in Transmutations
  1830 | D:2      | Reached skill level 1 in Ice Magic
  1830 | D:2      | Reached skill level 1 in Air Magic
  1830 | D:2      | Reached skill level 1 in Earth Magic
  1830 | D:2      | Reached skill level 1 in Poison Magic
  2169 | D:2      | Found a shimmering altar of Xom.
  2377 | D:2      | Noticed Terence
  2397 | D:2      | Killed Terence
  2398 | D:2      | Reached XP level 5. HP: 28/37 MP: 5/12
  2401 | D:2      | Learned a level 2 spell: Scorch
  3510 | D:4      | HP: 1/38 [poisoned by a scorpion]
  3947 | D:4      | Reached XP level 6. HP: 44/44 MP: 11/13
  4674 | D:4      | Reached skill level 5 in Dodging
  5023 | D:5      | Entered Level 5 of the Dungeon
  5075 | D:5      | Found Pyed's Tiny Tomes.
  5133 | D:5      | Bought Gahy's Codex of Percussion for 154 gold pieces
  5154 | D:5      | Noticed an orc warrior
  5160 | D:5      | Killed an orc warrior
  5161 | D:5      | Reached XP level 7. HP: 19/51 MP: 2/15
  5383 | D:5      | Learned a level 4 spell: Flame Wave
  5409 | D:5      | Learned a level 3 spell: Inner Flame
  5771 | D:5      | Reached skill level 5 in Stealth
  5902 | D:5      | Identified the +10 short sword of Cikkir {speed, Contam
                  | rPois Will- rCorr}
  6070 | D:5      | Found a snail-covered altar of Cheibriados.
  6199 | D:5      | Became a worshipper of Cheibriados the Contemplative
  6678 | D:6      | Found a stormy altar of Qazlal.
  6678 | D:6      | Noticed a water elemental
  6682 | D:6      | Noticed an air elemental
  6682 | D:6      | Noticed a fire elemental
  6695 | D:6      | Reached XP level 8. HP: 58/58 MP: 12/16
  6727 | D:6      | Found an iron altar of Okawaru.
  7018 | D:6      | Found a bloodstained altar of Trog.
  7038 | D:6      | Found a glowing golden altar of the Shining One.
  7373 | D:6      | Found a shimmering altar of Xom.
  7388 | D:6      | Found a white marble altar of Elyvilon.
  7480 | D:6      | Found a staircase to the Ecumenical Temple.
  7515 | D:6      | Found an ornate altar of the Wu Jian Council.
  7878 | D:7      | Found a flagged portal.
  7882 | D:7      | Identified the +0 ring mail "Cemenayn" {rElec Str-4 Int+3
                  | Stlth+}
  7888 | Bailey   | Entered a bailey
  7929 | Bailey   | Reached * piety under Cheibriados
  8247 | Bailey   | Reached XP level 9. HP: 65/65 MP: 14/18
  8312 | Bailey   | Reached ** piety under Cheibriados
  8324 | Bailey   | HP: 3/65 [hobgoblin/+0 hand axe (6)]
  8830 | Bailey   | Noticed an orc warlord
  8838 | Bailey   | HP: 3/65 [orc warlord/+5 broad axe (29)]
  8839 | Bailey   | Demolished by an orc warlord

Illustrated notes

Levels and vault maps discovered:
D:1:      dpeg_arrival_rooms_a, layout_rooms, st_stairs_9, nrook_mini_backslash,
          minivault_5
D:2:      layout_loops_corners, basic_altar, minmay_randomly_rotated_circles,
          uniq_terence
D:3:      layout_loops_ring
D:4:      layout_loops_ring
D:5:      layout_loops_ring, mainiacjoe_overflow_chevrons,
          nicolae_shop_i_like_small_books_too
D:6:      layout_loops_ring, nicolae_qazlal_style_of_elements,
          overflow_temple_1_default, nicolae_overflow_quartered_altars,
          kennysheep_little_box, minmay_temple_entry_enclosed_plants
D:7:      layout_cave_pools, nicolae_uskayaw_dance_studio, serial_shops,
          nicolae_shop_rolling_square, enter_bailey_2, minmay_misc_feat_square,
          feat_on_display
Bailey:   bailey_axe_minmay_hex_keep, bailey

Skill      XL: |  1  2  3  4  5  6  7  8  9 |
---------------+----------------------------+-----
Conjurations   | 2 3 4 |  4.2
Spellcasting   | 5 6 |  6.7
Invocations    | 1 2 3 4 |  4.7
Fighting       | 1 2 3 4 |  4.3
Short Blades   | 1 2 3 4 |  4.3
Long Blades    | 1 2 3 4 |  4.3
Axes           | 1 2 3 4 |  4.3
Maces & Flails | 1 2 3 4 |  4.3
Polearms       | 1 2 3 4 |  4.3
Staves         | 1 2 3 4 |  4.3
Ranged Weapons | 1 2 3 4 |  4.3
Throwing       | 1 2 3 4 |  4.3
Armour         | 1 2 3 4 |  4.3
Shields        | 1 2 3 4 |  4.3
Unarmed Combat | 1 2 3 4 |  4.3
Evocations     | 1 2 3 4 |  4.3
Hexes          | 1 2 3 |  3.5
Summonings     | 1 2 3 |  3.5
Necromancy     | 1 2 3 |  3.5
Translocations | 1 2 3 |  3.5
Transmutations | 1 2 3 |  3.5
Ice Magic      | 1 2 3 |  3.5
Air Magic      | 1 2 3 |  3.5
Earth Magic    | 1 2 3 |  3.5
Poison Magic   | 1 2 3 |  3.5
Dodging        | 5 6 |  6.3
Stealth        | 5 6 |  6.1
Fire Magic     | 6 |  6.6

Action                     |  1- 3 |  4- 6 |  7- 9 || total
---------------------------+-------+-------+-------++-------
  Melee: Staff             |       |       |    20 ||    20
         Bite              |       |       |     2 ||     2
   Cast: Foxfire           |    77 |   144 |   131 ||   352
         Scorch            |       |    11 |    37 ||    48
         Flame Wave        |       |       |     2 ||     2
  Evoke: Wand              |     1 |     1 |    12 ||    14
    Use: Potion            |       |       |     4 ||     4
 Armour: Robe              |     2 |    11 |    43 ||    56
  Dodge: Dodged            |    16 |    39 |    79 ||   134
